 Dungeon Crawl Stone Soup version 0.27.0 (webtiles) character file.

Game seed: 15253643596874309268

2403 frimble the Ruffian (level 9, -2/87 HPs)
             Began as a Troll Warper on July 31, 2021.
             Hit by a boomerang thrown by an orc warrior (15 damage)
             ... on level 6 of the Dungeon.
             The game lasted 00:07:53 (5147 turns).

frimble the Ruffian (Troll Warper)                  Turns: 5147, Time: 00:07:54

Health: -2/87      AC:  4    Str: 21    XL:     9   Next: 23%
Magic:  12/12      EV: 10    Int: 12    God:
Gold:   86         SH:  0    Dex:  9    Spells: 11/14 levels left

rFire    . . .     SeeInvis .     - Unarmed
rCold    . . .     Faith    .   (no shield)
rNeg     . . .     Spirit   .   a - +0 robe
rPois    .         Reflect  .   (helmet restricted)
rElec    .         Harm     .   (no cloak)
rCorr    .         Rampage  .   (gloves unavailable)
Will     .....                  (boots unavailable)
Stlth    +.........             o - amulet of regeneration
HPRegen  2.24/turn              (no ring)
MPRegen  0.13/turn              (no ring)

@: no status effects
A: large, unfitting armour, claws 3, regeneration 1, shaggy fur 1, tough skin 1
a: no special abilities


You were on level 6 of the Dungeon.
You visited 1 branch of the dungeon, and saw 7 of its levels.

You collected 166 gold pieces.
You spent 80 gold pieces at shops.

Inventory:

Missiles
 c - 5 boomerangs of dispersal
 d - 29 poisoned darts
 h - 2 atropa-tipped darts (quivered)
 k - 9 boomerangs
 n - 2 throwing nets
 t - 6 silver javelins
Armour
 a - a +0 robe (worn)
Jewellery
 g - a +6 ring of dexterity
 o - an amulet of regeneration (around neck)
Wands
 l - a wand of polymorph (4)
 r - a wand of iceblast (6)
Scrolls
 b - a scroll of blinking
 e - 3 scrolls of noise
 f - 2 scrolls of identify
 p - 4 scrolls of enchant weapon
 s - a scroll of enchant armour
 u - a scroll of magic mapping
 v - 4 scrolls of teleportation
 x - a scroll of immolation {unknown}
Potions
 i - a potion of cancellation
 j - a potion of might
 m - a potion of lignification {unknown}
 q - 2 potions of mutation
 w - a potion of attraction {unknown}
 z - a potion of degeneration {unknown}
 A - 2 potions of curing


   Skills:
 + Level 4.9 Fighting
 + Level 5.2 Throwing
 - Level 2.0 Dodging
 - Level 1.0 Stealth
 + Level 6.0 Unarmed Combat
 - Level 3.0 Spellcasting
 + Level 4.8 Translocations


You had 11 spell levels left.
You knew the following spells:

 Your Spells              Type           Power      Damage    Failure   Level
a - Blink                 Tloc           N/A        N/A       4%          2
b - Apportation           Tloc           26%        N/A       3%          1

Your spell library contained the following spells:

 Spells                   Type           Power      Damage    Failure   Level
 Gell's Gravitas          Tloc           6%         N/A       10%         3
 Lesser Beckoning         Tloc           6%         N/A       10%         3
 Teleport Other           Tloc           13%        N/A       10%         3
 Animate Skeleton         Necr           2%         N/A       24%         1
 Corona                   Hex            1%         N/A       24%         1
 Summon Small Mammal      Summ           4%         N/A       24%         1
 Corpse Rot               Necr/Air       N/A        N/A       36%         2
 Ensorcelled Hibernation  Hex/Ice        2%         N/A       36%         2
 Poisonous Vapours        Pois/Air       2%         N/A       36%         2
 Slow                     Hex            1%         N/A       36%         2
 Confusing Touch          Hex            1%         N/A       58%         3
 Dazzling Flash           Conj/Hex       2%         N/A       58%         3
 Tukima's Dance           Hex            1%         N/A       58%         3
 Vampiric Draining        Necr           0%         2d6       58%         3
 Manifold Assault         Tloc           13%        N/A       67%         5
 Dispel Undead            Necr           1%         3d6       94%         4
 Agony                    Necr           1%         N/A       100%        5
 Freezing Cloud           Conj/Ice/Air   0%         6-21      100%        5
 Silence                  Hex/Air        0%         N/A       100%        5
 Death Channel            Necr           0%         N/A       100%        6


Dungeon Overview and Level Annotations

Branches:
Dungeon (7/15)             Temple (0/1) D:6

Altars:

Shops:
D:4 *   D:6 *


Innate Abilities, Weirdness & Mutations

You are too large for most types of armour.
You have claws for hands.
Your natural rate of healing is unusually fast.
You are covered in fur. (AC +1)
You have tough skin. (AC +1)


Message History

a +4 mace of freezing; a +0 robe You scratch the orc warrior.
The orc warrior is lightly wounded.
The orc warrior barely misses you.
You barely miss the orc warrior.
The orc warrior is lightly wounded.
The orc warrior seems less confused.
The orc warrior misses you.
You scratch the orc warrior.
The orc warrior is lightly wounded.
The orc warrior hits you with a +0 trident.
* * * LOW HITPOINT WARNING * * *
You claw the orc warrior!
The orc warrior is severely wounded.
The orc warrior hits you with a +0 trident!
* * * LOW HITPOINT WARNING * * *
You barely miss the orc warrior.
The orc warrior is severely wounded.
The orc warrior hits you with a +0 trident!
* * * LOW HITPOINT WARNING * * *
Okay, then.
Unknown command.
The orc warrior is no longer blind.
The orc warrior throws a boomerang.
The boomerang barely misses you.
The orc warrior throws a boomerang.
The boomerang barely misses you.
Throw: 3 darts (atropa)
Press: ? - help, Q - select action, (/) - cycle Shift-Dir - straight line, f/p - orc warrior
Aim: an orc warrior, wielding a +0 trident, wearing a +0 plate armour and quivering boomerangs (severely wounded, 59% to hit, chance to blind on hit: 75%)
You throw an atropa-tipped dart.
The atropa-tipped dart hits the orc warrior!
The orc warrior resists.
The orc warrior is severely wounded.
The orc warrior throws a boomerang.
The boomerang hits you.
* * * LOW HITPOINT WARNING * * *
Aiming: Iceblast
Press: ? - help, Shift-Dir - straight line, f/p - orc warrior
Aim: an orc warrior, wielding a +0 trident, wearing a +0 plate armour and quivering boomerangs (severely wounded)
The mass of ice explodes!
The iceblast engulfs the orc warrior.
The orc warrior is almost dead.
The orc warrior throws a boomerang.
The boomerang hits you!
You die...

### #.# #.# ###
####### #)# ##.#
##.##..## #.# #.##
####>......## ##.# #.#
### ##........#..#
##..# #.## ###.#
#..##........###..##
##.###...#
..###.......###.@##
#..##...#
.####.....### #..#
#..###..# ####.....##
#.## #..# #..##
##..###..# #)#
#..###...## #..## #..#
#o# #..##...... ..##
#..# #.# #..........
..# #..### ##.#####
##......... ..#
#..<.###......#
##....##.>
..#####...##.))[....##
##..####.


You could see an orc warrior.

Vanquished Creatures
  Grinder (D:3)
  Eustachio (D:6)
  A water moccasin (D:5)
  An ice beast (D:6)
  A sky beast (D:5)
  3 ogres
  2 centaurs (D:6)
  A water moccasin zombie (D:6)
  5 killer bees (D:5)
  5 wights (D:6)
  A howler monkey (D:5)
  2 centaur zombies
  2 orc priests (D:6)
  A hound (D:6)
  An iguana (D:5)
  Natasha (thrice) (D:4)
  3 orc wizards
  Robin (D:3)
  5 adders
  4 gnolls (D:3)
  A shadow imp (D:6)
  2 white imps (D:6)
  An adder skeleton (D:4)
  A worm (D:4)
  5 dart slugs
  15 orcs
  12 endoplasms
  3 giant cockroaches
  15 goblins
  8 hobgoblins
  13 jackals
  A quokka (D:2)
  6 ball pythons
  2 bats
  4 frilled lizards
  9 kobolds
  6 rats
148 creatures vanquished.

Notes
Turn   | Place    | Note
-------+----------+-------------------------------------------
     0 | D:1      | frimble the Troll Warper began the quest for the Orb.
     0 | D:1      | Reached XP level 1. HP: 19/19 MP: 1/1
    12 | D:1      | Reached skill level 1 in Throwing
    42 | D:1      | Reached XP level 2. HP: 28/28 MP: 3/3
   274 | D:1      | Reached XP level 3. HP: 35/35 MP: 4/4
   804 | D:2      | Reached XP level 4. HP: 42/42 MP: 5/5
   807 | D:2      | Learned a level 2 spell: Blink
  1175 | D:3      | Noticed Robin
  1209 | D:3      | Killed Robin
  1350 | D:3      | Noticed Grinder
  1355 | D:3      | Paralysed by Grinder for 6 turns
  1394 | D:3      | Killed Grinder
  1395 | D:3      | Reached skill level 1 in Stealth
  1395 | D:3      | Reached skill level 3 in Unarmed Combat
  1395 | D:3      | Reached XP level 5. HP: 40/50 MP: 5/7
  1395 | D:3      | Reached XP level 6. HP: 48/59 MP: 5/8
  2046 | D:4      | Noticed Natasha
  2051 | D:4      | Killed Natasha
  2146 | D:4      | Noticed Natasha
  2159 | D:4      | Killed Natasha
  2190 | D:4      | Reached XP level 7. HP: 64/67 MP: 9/9
  2244 | D:4      | Noticed Natasha
  2249 | D:4      | Killed Natasha
  2277 | D:4      | Found Xohobut's General Store.
  2298 | D:4      | Bought a potion of curing for 30 gold pieces
  2298 | D:4      | Bought a potion of heal wounds for 50 gold pieces
  2807 | D:5      | Entered Level 5 of the Dungeon
  2813 | D:5      | Reached skill level 4 in Unarmed Combat
  2917 | D:5      | Reached XP level 8. HP: 78/78 MP: 11/11
  3040 | D:5      | HP: 3/78 [killer bee (3)]
  3042 | D:5      | Reached skill level 5 in Unarmed Combat
  3689 | D:6      | Found a staircase to the Ecumenical Temple.
  3759 | D:6      | Reached XP level 9. HP: 63/82 MP: 12/12
  3793 | D:6      | Noticed Eustachio
  3864 | D:6      | Killed Eustachio
  3865 | D:6      | Reached skill level 5 in Throwing
  4134 | D:6      | Found Iratub's Overcharged Wands.
  5009 | D:6      | Learned a level 1 spell: Apportation
  5068 | D:6      | Reached skill level 6 in Unarmed Combat
  5142 | D:6      | HP: 3/87 [orc warrior (13)]
  5147 | D:6      | Hit by a boomerang thrown by an orc warrior

Illustrated notes

Levels and vault maps discovered:
D:1:      dpeg_arrival_orchard, layout_basic, minmay_nonomino_d4
D:2:      layout_basic
D:3:      layout_basic, uniq_robin, uniq_grinder
D:4:      layout_basic, serial_shops, shop, uniq_natasha
D:5:      layout_loops_cross
D:6:      layout_layer_cave, minmay_temple_entry_mini_moons,
          nicolae_shop_overcharged_wands, uniq_eustachio
D:7:      layout_rooms, gammafunk_ghost_split, uniq_harold

Skill      XL: |  1  2  3  4  5  6  7  8  9 |
---------------+----------------------------+-----
Throwing       | 1 2 3 4 5 |  5.2
Dodging        | 2 |  2.0
Fighting       | 2 3 4 |  4.9
Stealth        | 1 |  1.0
Unarmed Combat | 3 4 5 6 |  6.0
Spellcasting   | 2 3 |  3.0
Translocations | 3 4 |  4.8

Action                   |  1- 3 |  4- 6 |  7- 9 || total
-------------------------+-------+-------+-------++-------
Melee: Unarmed           |    86 |   132 |   284 ||   502
       Punch             |       |     1 |     4 ||     5
Throw: Dart              |       |     3 |    11 ||    14
Evoke: Wand              |       |       |     2 ||     2
  Use: Scroll            |       |       |    10 ||    10
       Potion            |       |       |     4 ||     4
 Stab: Sleeping          |     1 |     1 |     1 ||     3
       Distracted        |       |     1 |       ||     1
Armor: Robe              |    21 |    41 |   102 ||   164
Dodge: Dodged            |    33 |    61 |   158 ||   252
